 Dungeon Crawl Stone Soup version 0.31-a0-636-ge1c0e020e0 (webtiles) character file.

Game seed: 13644750165671122284

6 demibob the Poker (level 1, 0/16 HPs)
             Began as a Demonspawn Gladiator on Aug 27, 2023.
             Slain by a kobold
             ... wielding a +0 club
              (2 damage)
             ... on level 1 of the Dungeon.
             The game lasted 00:00:09 (54 turns).

demibob the Poker (Demonspawn Gladiator)              Turns: 54, Time: 00:00:10

Health: 0/16       AC:  4    Str: 14    XL:     1   Next: 75%
Magic:  1/1        EV: 12    Int:  9    God:
Gold:   0          SH:  0    Dex: 14    Spells: 0/0 levels left

rFire   . . .        a - +0 trident
rCold   . . .        (no shield)
rNeg    . . .        b - +0 leather armour
rPois   .            c - +0 helmet
rElec   .            (no cloak)
rCorr   .            (no gloves)
SInv    .            (no boots)
Will    .....        (no amulet)
Stlth   +            (no ring)
HPRegen 0.22/turn    (no ring)
MPRegen 0.07/turn

%: no passive effects
@: no status effects
A: no striking features
a: no special abilities


You were on level 1 of the Dungeon.
You visited 1 branch of the dungeon, and saw 1 of its levels.


   Skills:
 - Level 2.0 Fighting
 + Level 3.1 Polearms
 - Level 1.7 Throwing
 - Level 2.6 Dodging


You couldn't memorise any spells.
You didn't know any spells.
Your spell library was empty.

Inventory:

Hand Weapons
 a - a +0 trident (weapon)
Missiles
 d - 3 throwing nets (quivered) {=f}
 e - a javelin
Armour
 b - a +0 leather armour (worn)
 c - a +0 helmet (worn)

Dungeon Overview and Level Annotations

Branches:
Dungeon (1/15)

Altars:

....... ▒.. .....#.
▒..#.$...... ▒... .....#.
........▒ +... .......
.......▒ ▒▒▒... .....#.
.........▒ ▒....##.).....
.........▒♣▒....)K.....#.
.........▒ ▒....@##......
.........▒ ▒#.#..# .....
▒...▒▒..▒ #....## .##.
▒▒...▒▒..▒ ##....# .#
.........▒▒▒▒▒..#.# ..
.........'...'....# .
▒▒'''▒▒▒▒▒▒▒▒▒........
▒...▒ #...##... ▒.<.▒
#...# #+#


You could see a kobold.


Message History

The kobold hits you with a +0 club.
* * * LOW HITPOINT WARNING * * *
The kobold hits you with a +0 club.
* * * LOW HITPOINT WARNING * * *
You are too injured to fight recklessly!
You are too injured to fight recklessly!
You are too injured to fight recklessly!
You are too injured to fight recklessly!
You are too injured to fight recklessly!
You are too injured to fight recklessly!
You are too injured to fight recklessly!
You are too injured to fight recklessly!
You are too injured to fight recklessly!
You are too injured to fight recklessly!
You are too injured to fight recklessly!
You are too injured to fight recklessly!
You are too injured to fight recklessly!
You barely miss the kobold. The kobold barely misses you.
You closely miss the kobold. The kobold closely misses you.
You closely miss the kobold. The kobold barely misses you.
You hit the kobold but do no damage. The kobold misses you.
You closely miss the kobold. The kobold hits you with a +0 club.
* * * LOW HITPOINT WARNING * * *
You hit the kobold but do no damage. The kobold barely misses you.
The kobold hits you with a +0 club.
* * * LOW HITPOINT WARNING * * *
You hit the kobold but do no damage. The kobold closely misses you.
You hit the kobold but do no damage. The kobold hits you but does no damage.
You barely miss the kobold. The kobold hits you with a +0 club.
You die...

Skill      XL: |  1 |
---------------+----+-----
Polearms       | 3 |  3.1
Fighting       | |  2.0
Throwing       | |  1.7
Dodging        | |  2.6

Action                     || total
---------------------------++-------
  Melee: Trident           ||    29
 Armour: Leather armour    ||     5
  Dodge: Dodged            ||    12

Levels and vault maps discovered:
D:1:      beargit_arrival_diablo_church, layout_rooms, serial_glass,
          glass_columns_b, glass_columns_c, glass_columns_a, glass_columns_b,
          glass_columns_a, glass_columns_c, chequers_ecumenical_altar_twisty,
          serial_shops, nicolae_shop_hallway_plus, minmay_crystal_water,
          minmay_fountain_box, st_stairs_7

Notes
Turn   | Place    | Note
-------+----------+-------------------------------------------
     0 | D:1      | demibob the Demonspawn Gladiator began the quest for the
                  | Orb.
     0 | D:1      | Reached XP level 1. HP: 16/16 MP: 1/1
    38 | D:1      | Reached skill level 3 in Polearms
    51 | D:1      | HP: 1/16 [kobold/+0 club (4)]
    54 | D:1      | Slain by a kobold

Vanquished Creatures
  A giant cockroach (D:1)
  A goblin (D:1)
  2 kobolds (D:1)
  A frilled lizard (D:1)
  A rat (D:1)
6 creatures vanquished.

Table legend: (Time is in decaauts)
 A = Elapsed time spent in this place.
 B = Non-inter-level travel time spent in this place.
 C = Inter-level travel time spent in this place.
 D = Time resting spent in this place.
 E = Time spent auto-exploring this place.
 F = Levels seen in this place.
 G = Mean time per level.
                   A        B        C        D        E       F      G
               +--------+--------+--------+--------+--------+-----+--------+
         Total |     58 |     58 |      0 |      0 |     20 |   1 |   58.0 |
       Dungeon |     58 |     58 |      0 |      0 |     20 |   1 |   58.0 |
               +--------+--------+--------+--------+--------+-----+--------+

Top non-repeatable levels by time:
     D:1: 58 daAuts

Table legend:
 A = Non-vault XP
 B = Vault XP
 C = Vault XP percentage of total XP
 D = Non-vault monster count
 E = Vault monster count
 F = Vault count percentage of total count
                 A         B        C        D         E       F
            +---------+---------+-------+---------+---------+-------
      Total |       9 |       0 |   0.0 |       6 |       0 |   0.0
            +---------+---------+-------+---------+---------+-------
        D:1 |       9 |       0 |   0.0 |       6 |       0 |   0.0
            +---------+---------+-------+---------+---------+-------
